 Dungeon Crawl Stone Soup version 0.29.1-2-gbd0b4ee654 (webtiles) character file.

Game seed: 11940457262695096250

81 qeuew the Ruffian (level 4, -4/40 HPs)
             Began as a Ghoul Monk on Nov 4, 2022.
             Slain by a gnoll
             ... wielding a +0 halberd
              (11 damage)
             ... on level 3 of the Dungeon.
             The game lasted 00:03:26 (2050 turns).

qeuew the Ruffian (Ghoul Monk)                      Turns: 2050, Time: 00:03:27

Health: -4/40      AC:  6    Str: 16      XL:     4   Next: 40%
Magic:  3/3        EV: 15    Int:  5      God:
Gold:   120        SH:  5    Dex: 10 (11) Spells: 3/3 levels left

rFire   . . .      SeeInvis .     - Unarmed
rCold   + . .      Faith    .   (no shield)
rNeg    + + +      Spirit   .   l - +0 ring mail
rPois   ∞          Reflect  +   (no helmet)
rElec   .          Harm     .   (no cloak)
rCorr   +          Rampage  .   (no gloves)
Will    .....                   k - +0 pair of boots
Stlth   +.........              i - amulet of reflection
HPRegen 0.00/turn               h - ring of resist corrosion
MPRegen 0.08/turn               j - +4 ring of evasion

@: inhibited regen
A: claws 1, cold resistance 1, negative energy resistance 3, inhibited
regeneration, torment resistance 2, devour on kill
a: no special abilities


You were on level 3 of the Dungeon.
You visited 1 branch of the dungeon, and saw 3 of its levels.

You collected 120 gold pieces.

Inventory:

Armour
 k - a +0 pair of boots (worn)
 l - a +0 ring mail (worn)
Jewellery
 h - a ring of resist corrosion (left claw)
 i - an amulet of reflection (around neck)
 j - a +4 ring of evasion (right claw)
Wands
 c - a wand of quicksilver (3)
Scrolls
 d - 2 scrolls of enchant weapon
Potions
 a - a potion of heal wounds
 b - 2 potions of ambrosia
 f - a potion of curing


   Skills:
 + Level 3.7 Fighting
 * Level 1.2 Armour
 + Level 3.3 Dodging
 - Level 2.1 Stealth
 + Level 4.3 Unarmed Combat


You had 3 spell levels left.
You didn't know any spells.
Your spell library contained the following spells:

 Spells                   Type           Power      Damage    Failure   Level
 Sandblast                Erth           0%         2d4       71%         1
 Passwall                 Tmut/Erth      0%         N/A       83%         2
 Stone Arrow              Conj/Erth      0%         3d7       97%         3
 Summon Hydra             Summ           0%         N/A       100%        7
 Sublimation of Blood     Necr           Unusable   N/A       N/A         2
 Wereblood                Tmut           Unusable   N/A       N/A         2

Dungeon Overview and Level Annotations

Branches:
Dungeon (3/15)

Altars:


Innate Abilities, Weirdness & Mutations

You are immune to poison.
You have sharp fingernails.
Your flesh is cold resistant. (rC+)
You are immune to negative energy. (rN+++)
You do not regenerate when monsters are visible.
You are immune to unholy pain and torment.
You thrive by killing the living.


Message History

You are too injured to fight recklessly!
You are too injured to fight recklessly!
You are too injured to fight recklessly!
You are too injured to fight recklessly!
You are too injured to fight recklessly!
You are too injured to fight recklessly!
You are too injured to fight recklessly!
You are too injured to fight recklessly!
You are too injured to fight recklessly!
You are too injured to fight recklessly!
You are too injured to fight recklessly!
You are too injured to fight recklessly!
You are too injured to fight recklessly!
You are too injured to fight recklessly!
Unknown command.
You claw the goblin!
You kill the goblin!
The bat hits you but does no damage. The gnoll misses you.
The gnoll barely misses you.
You claw the bat!
You kill the bat!
You feel better.
You scratch the gnoll.
The gnoll is moderately wounded.
The gnoll misses you.
The gnoll hits you from afar with a +0 halberd!
* * * LOW HITPOINT WARNING * * *
The gnoll barely misses you. You block the gnoll's attack.
You scratch the gnoll but do no damage.
The gnoll is moderately wounded.
The gnoll hits you with a +0 whip.
* * * LOW HITPOINT WARNING * * *
The gnoll misses you.
You barely miss the gnoll. Your claw misses the gnoll.
The gnoll is moderately wounded.
The gnoll barely misses you. The gnoll misses you.
You closely miss the gnoll. You claw the gnoll!
The gnoll is severely wounded.
You block the gnoll's attack. The gnoll hits you with a +0 halberd!
You die...

#.# #[# ##'## #
##...## ###.##
##.....## ......
#.......## #.#...#
...........####.......
#..........'..g...?...
#..........##.@g......
#.#.......###)##......
#.##.....## #.# .....
##...## #.# ...# ##+#
#.# .## ..# # ..# ..#


You could see 2 gnolls.

Vanquished Creatures
  Jessica (D:3)
  A gnoll (D:3)
  3 dart slugs
  An orc (D:3)
  3 endoplasms
  2 giant cockroaches
  4 goblins
  2 hobgoblins (D:1)
  3 jackals
  3 kobolds
  3 quokkas
  A ball python (D:1)
  4 bats
  3 frilled lizards
  A spectral hobgoblin (D:1)
35 creatures vanquished.

Notes
Turn   | Place    | Note
-------+----------+-------------------------------------------
     0 | D:1      | qeuew the Ghoul Monk began the quest for the Orb.
     0 | D:1      | Reached XP level 1. HP: 19/19 MP: 0/0
   138 | D:1      | Found a faded altar of an unknown god.
   220 | D:1      | Reached XP level 2. HP: 18/26 MP: 1/1
  1107 | D:1      | Reached XP level 3. HP: 31/31 MP: 2/2
  1922 | D:3      | Noticed Jessica
  1929 | D:3      | Killed Jessica
  1930 | D:3      | Reached skill level 1 in Armour
  1930 | D:3      | Reached skill level 4 in Unarmed Combat
  1930 | D:3      | Reached XP level 4. HP: 40/40 MP: 3/3
  2050 | D:3      | Slain by a gnoll

Illustrated notes

Levels and vault maps discovered:
D:1:      denvon_arrival_planthouse, layout_basic,
          dreamdust_ecumenical_altar_drowned_temple, hangedman_feature_mirror
D:2:      layout_rooms
D:3:      layout_loops_corners, mainiacjoe_overflow_paths,
          uniq_crazy_yiuf_cottage, uniq_jessica

Skill      XL: |  1  2  3 |
---------------+----------+-----
Dodging        | 3 |  3.3
Armour         | 1 |  1.2
Unarmed Combat | 4 |  4.3
Fighting       | |  3.7
Stealth        | |  2.1

Action                   |  1- 3 |  4- 6 || total
-------------------------+-------+-------++-------
Melee: Unarmed           |    82 |    26 ||   108
       Punch             |     2 |     2 ||     4
  Use: Scroll            |     5 |       ||     5
       Potion            |     4 |       ||     4
 Stab: Sleeping          |     6 |       ||     6
Armor: Robe              |    12 |       ||    12
       Ring mail         |       |    11 ||    11
Dodge: Dodged            |    43 |    23 ||    66
Block: Other             |     1 |     6 ||     7
